 Dungeon Crawl Stone Soup version 0.31-a0-188-g5e087ee2ca (webtiles) character file.

Game seed: 3292241106004862114

750 qw the Skirmisher (level 7, -2/40 HPs)
             Began as a Deep Elf Hunter on June 22, 2023.
             Succumbed to a gnoll's poison
             ... on level 3 of the Dungeon.
             The game lasted 00:01:10 (3571 turns).

qw the Skirmisher (Deep Elf Hunter)                 Turns: 3571, Time: 00:01:10

Health: -2/40      AC:  6    Str: 10    XL:     7   Next: 48%
Magic:  9/9        EV: 11    Int: 14    God:
Gold:   266        SH:  0    Dex: 18    Spells: 6/6 levels left

rFire   . . .        Y - +0 orcbow
rCold   . . .        (shield currently unavailable)
rNeg    . . .        e - +0 ring mail
rPois   .            (no helmet)
rElec   .            b - +0 cloak
rCorr   .            (no gloves)
SInv    .            (no boots)
Will    .....        (no amulet)
Stlth   +            (no ring)
HPRegen 0.26/turn    (no ring)
MPRegen 0.11/turn

%: no passive effects
@: lethally poisoned (-2 -> -29), about to teleport
A: no striking features
a: no special abilities


You were on level 3 of the Dungeon.
You visited 1 branch of the dungeon, and saw 6 of its levels.
You also visited: Sewer.

You collected 266 gold pieces.


   Skills:
 - Level 2.4 Fighting
 + Level 11.2 Ranged Weapons
 - Level 1.3 Armour
 - Level 3.0 Dodging
 - Level 1.2 Stealth


You had 6 spell levels left.
You didn't know any spells.
Your spell library was empty.

Inventory:

Hand Weapons
 Y - a +0 orcbow (weapon)
Armour
 b - a +0 cloak (worn)
 e - a +0 ring mail (worn)
Jewellery
 n - a ring of fire
Wands
 c - a wand of digging (7)
Scrolls
 a - a scroll of enchant armour {unknown}
 m - a scroll of identify
Potions
 f - 2 potions of heal wounds
 g - a potion of degeneration {unknown}
 h - 4 potions of might
 i - a potion of enlightenment {unknown}
 j - a potion of resistance
 k - a potion of curing {unknown}

Dungeon Overview and Level Annotations

Branches:
Dungeon (6/15)              Sewer (visited)
 Temple: D:4-7

Altars:
Qazlal

Shops:
D:2 (


Message History

Enter note:
Enter note:
Enter note:
Enter note:
Enter note:
Enter note:
Enter note: You shoot an arrow.
The arrow hits the gnoll!
The gnoll is severely wounded.
You shoot an arrow. The arrow closely misses the gnoll.
The gnoll hits you with a +0 club. The gnoll closely misses you.
You shoot an arrow. The arrow hits the gnoll.
You kill the gnoll!
You shoot an arrow. The arrow barely misses the gnoll.
The gnoll hits you from afar with a +2 spear of venom.
You are poisoned.
The gnoll closely misses you.
You shoot an arrow. The arrow completely misses the gnoll.
You feel very sick. The gnoll barely misses you.
The gnoll hits you from afar with a +2 spear of venom.
You are more poisoned.
You shoot an arrow. The arrow hits the gnoll!
You kill the gnoll!
You feel very sick.
The gnoll hits you from afar with a +2 spear of venom!
You are more poisoned.
You shoot an arrow. The arrow closely misses the gnoll.
You feel very sick.
The gnoll hits you from afar with a +2 spear of venom.
You are more poisoned.
You shoot an arrow. The arrow hits the gnoll.
The gnoll is heavily wounded.
You feel very sick.
The gnoll hits you from afar with a +2 spear of venom.
You are more poisoned.
3571 ||| READING scroll of teleportation.
As you read the scroll of teleportation, it crumbles to dust.
You feel strangely unstable.
You die...

##+.##.}. ##
#.#.##.# ..
#.##..#. #.
##.###... ..
##...#.... #.
##......### #g
#.......#
#)#######.##.####
#.@.......####
###########


You could see a gnoll.

Vanquished Creatures
  Menkaure (D:6)
  Pargi (Sewer)
  Blork the orc (D:6)
  A scorpion (D:5)
  A hound (D:6)
  2 jellies (D:5)
  A gnoll bouda (D:6)
  2 iguanas
  10 gnolls
  3 adders (D:2)
  3 river rats (D:4)
  A shadow imp (D:6)
  3 worms
  2 dart slugs
  An orc (D:5)
  8 ball pythons
  6 endoplasms
  2 giant cockroaches
  5 hobgoblins
  9 jackals
  12 kobolds
  3 quokkas
  4 bats
  2 frilled lizards (D:1)
  2 goblins
  4 rats
90 creatures vanquished.

Notes
Turn   | Place    | Note
-------+----------+-------------------------------------------
     0 | D:1      | qw the Deep Elf Hunter began the quest for the Orb.
     0 | D:1      | Reached XP level 1. HP: 12/12 MP: 3/3
     0 | D:1      | 0 ||| qw: Version: 0.3-a-9-g12657ce
     0 | D:1      | 0 ||| qw: Game counter: 3060
     0 | D:1      | 0 ||| qw: Always use a shield: true
     0 | D:1      | 0 ||| qw: God list: Okawaru
     0 | D:1      | 0 ||| qw: Allow faded altars: false
     0 | D:1      | 0 ||| qw: Do Orc after D:15 true
     0 | D:1      | 0 ||| qw: Do second Lair branch before Depths: true
     0 | D:1      | 0 ||| qw: Lair rune preference: random
     0 | D:1      | 0 ||| qw: Plans: Normal
     0 | D:1      | 0 ||| PLANNING D:1-11
   247 | D:1      | Reached XP level 2. HP: 16/16 MP: 4/4
   268 | D:1      | Reached skill level 6 in Ranged Weapons
   831 | D:1      | 831 ||| UPGRADING to +0 ring mail.
   841 | D:1      | 841 ||| DROPPING +0 leather armour.
   842 | D:1      | 842 ||| READING scroll labelled ZEXIUCZAYDI.
   843 | D:1      | 843 ||| READING scroll labelled SETHRE XOTUI.
   847 | D:1      | 847 ||| DROPPING scroll of butterflies.
  1089 | D:2      | Reached XP level 3. HP: 20/20 MP: 5/5
  1170 | D:2      | Reached skill level 7 in Ranged Weapons
  1260 | D:2      | Reached XP level 4. HP: 25/25 MP: 6/6
  1544 | D:2      | Found Guoshrosi's Weapon Shop.
  1790 | D:2      | 1790 ||| READING 3 scrolls labelled ZESORR KIGIRAU.
  1791 | D:2      | 1791 ||| READING 2 scrolls of brand weapon.
  1791 | D:2      | 1791 ||| BRANDING +0 shortbow of draining.
  1792 | D:2      | 1792 ||| READING scroll of brand weapon.
  1792 | D:2      | 1792 ||| BRANDING +0 shortbow of freezing.
  1793 | D:2      | 1793 ||| READING scroll labelled CUSSOTHREUCI.
  1894 | D:2      | 1894 ||| READING scroll labelled ALAM WOADUKE.
  1940 | D:2      | 1940 ||| READING scroll labelled DISSEC BIOLA.
  1941 | D:2      | 1941 ||| READING scroll labelled BAUDASH VUSUR.
  1942 | D:2      | 1942 ||| DRINKING 3 dark potions.
  2010 | D:3      | Found a stormy altar of Qazlal.
  2149 | D:3      | Found a faded altar of an unknown god.
  2227 | D:3      | You fall into a shaft and drop 3 floors!
  2230 | D:6      | Noticed Menkaure
  2234 | D:6      | Killed Menkaure
  2235 | D:6      | Reached skill level 9 in Ranged Weapons
  2235 | D:6      | Reached XP level 5. HP: 29/29 MP: 7/7
  2244 | D:6      | Noticed Blork the orc
  2251 | D:6      | Killed Blork the orc
  2363 | D:6      | Reached XP level 6. HP: 36/36 MP: 8/8
  2807 | D:6      | 2807 ||| UPGRADING to +0 cloak.
  2812 | D:6      | 2812 ||| READING scroll labelled SIAXUI OTOOTEH.
  2813 | D:6      | 2813 ||| DRINKING 2 coppery potions.
  2814 | D:6      | 2814 ||| DRINKING 2 white potions.
  2815 | D:6      | 2815 ||| DROPPING potion of magic.
  2824 | D:5      | Entered Level 5 of the Dungeon
  2845 | D:5      | Reached skill level 10 in Ranged Weapons
  2849 | D:5      | Reached skill level 3 in Dodging
  2918 | D:5      | Reached skill level 1 in Armour
  2921 | D:5      | Reached XP level 7. HP: 40/40 MP: 9/9
  2935 | D:4      | 2935 ||| PLANNING SEWER
  3096 | D:4      | Found a glowing drain.
  3103 | D:4      | 3103 ||| READING 2 scrolls labelled TUYSUI HALLOV.
  3112 | Sewer    | Entered a sewer
  3115 | Sewer    | Noticed Pargi
  3125 | Sewer    | Killed Pargi
  3126 | Sewer    | Reached skill level 11 in Ranged Weapons
  3268 | Sewer    | 3268 ||| SWAPPING to +0 orcbow.
  3269 | Sewer    | 3269 ||| DROPPING +1 shortbow of flaming.
  3294 | Sewer    | 3294 ||| READING 3 scrolls labelled LIUWUL MALIN.
  3295 | Sewer    | 3295 ||| READING 3 scrolls of identify.
  3295 | Sewer    | 3295 ||| IDENTIFYING murky emerald potion
  3296 | Sewer    | 3296 ||| READING 2 scrolls of identify.
  3296 | Sewer    | 3296 ||| IDENTIFYING brown potion
  3297 | Sewer    | 3297 ||| DROPPING potion of attraction.
  3298 | Sewer    | 3298 ||| DROPPING potion of berserk rage.
  3299 | Sewer    | 3299 ||| DROPPING 2 scrolls of fear.
  3313 | D:4      | 3313 ||| PLANNING D:1-11
  3570 | D:3      | HP: 7/40 [poisoned by a gnoll]
  3571 | D:3      | 3571 ||| READING scroll of teleportation.
  3571 | D:3      | Succumbed to a gnoll's poison

Levels and vault maps discovered:
D:1:      amcnicky_arrival_wind_blow, layout_loops_corners, minivault_5
D:2:      minmay_diamond_boxcup, layout_basic, serial_shops,
          nicolae_shop_bloodbath_and_beyond
D:3:      layout_loops_corners, nicolae_qazlal_scattered_showers,
          chequers_ecumenical_altar_island, grunt_decor_mini_mirrors
D:4:      layout_loops_ring, portal_sewer_entry_b, grunt_ministairs_15,
          minmay_misc_feat_room, minivault_25
D:5:      layout_rooms, temple_doors_cd, nicolae_the_louvre
D:6:      layout_basic, uniq_menkaure, uniq_blork_the_orc

Skill      XL: |  1  2  3  4  5  6  7 |
---------------+----------------------+-----
Ranged Weapons | 6 7 9 10 11 | 11.2
Fighting       | 2 |  2.4
Dodging        | 3 |  3.0
Armour         | 1 |  1.3
Stealth        | |  1.2

Action                     |  1- 3 |  4- 6 |  7- 9 || total
---------------------------+-------+-------+-------++-------
   Fire: Shortbow          |    80 |    89 |    55 ||   224
         Orcbow            |       |       |    13 ||    13
    Use: Scroll            |     2 |     8 |     5 ||    15
         Potion            |       |     3 |       ||     3
 Armour: Ring mail         |    18 |    11 |     4 ||    33
  Dodge: Dodged            |    17 |    10 |    22 ||    49

Table legend:
 A = Non-vault XP
 B = Vault XP
 C = Vault XP percentage of total XP
 D = Non-vault monster count
 E = Vault monster count
 F = Vault count percentage of total count
                 A         B        C        D         E       F
            +---------+---------+-------+---------+---------+-------
      Total |     536 |     536 |  50.0 |      61 |      29 |  32.2
            +---------+---------+-------+---------+---------+-------
        D:1 |      16 |       0 |   0.0 |      10 |       0 |   0.0
        D:2 |      63 |      30 |  32.3 |      22 |       9 |  29.0
        D:3 |      39 |       0 |   0.0 |       9 |       0 |   0.0
        D:4 |      45 |     107 |  70.4 |       4 |      13 |  76.5
        D:5 |     220 |       0 |   0.0 |       9 |       0 |   0.0
        D:6 |     153 |     259 |  62.9 |       7 |       2 |  22.2
      Sewer |       0 |     140 | 100.0 |       0 |       5 | 100.0
            +---------+---------+-------+---------+---------+-------
